Map: Arrecife abisal EE

Players

Eternal - Winner!

  • Race: Zerg Zerg
  • League: Gold
  • Spawn Location: 11:00

CDiddy

  • Race: Terran Terran
  • League: Gold
  • Spawn Location: 5:00

VOD

Have the link to the VOD?

Description

Time

  • Played on: May 7, 2017, 8:54 p.m.
  • Length: 28:18
Show
View Real Time Build Order
Export as new Build Order

Eternal Zerg - Winner!

Build Orders: Hatch First 

Get SALT Encoding   

  12  0:01  Drone  
  13  0:10  Drone  
  14  0:38  Hatchery  
  14  0:39  Drone  
  14  0:59  Spawning Pool  
  14  1:02  Overlord  
  13  1:07  Drone  
  14  1:21  Drone x2  
  14  1:25  Drone  
  17  1:27  Extractor  
  16  1:35  Drone  
  17  1:49  Zergling x2  
  18  1:54  Zergling x2  
  18  1:59  Zergling x2  
  18  2:00  Queen  
  22  2:03  Queen  
  22  2:08  Overlord  
  24  2:13  Zergling x2  
  25  2:16  Zergling x2  
  26  2:25  Zergling x4  
  26  2:29  Drone  
  29  2:34  Metabolic Boost  
  29  2:41  Drone  
  29  2:42  Drone  
  31  2:51  Drone x2  
  32  3:06  Drone x3  
  35  3:24  Overlord x2  
  35  3:25  Overlord  
  35  3:42  Drone x6, Baneling Nest  
  40  3:49  Lair  
  40  3:52  Extractor  
  39  3:58  Drone x2  
  36  4:11  Zergling x10  
  41  4:23  Drone x5  
  46  4:29  Burrow  
  46  4:32  Extractor  
  46  4:33  Extractor  
  44  4:45  Drone x2  
  44  4:46  Drone x4  
  44  4:51  Baneling  
  44  4:52  Baneling  
  49  4:53  Baneling x2  
  49  4:55  Drone x4  
  53  5:01  Zergling x2  
  37  5:28  Drone x7  
  39  6:01  Overseer  
  39  6:23  Zergling x12  
  39  6:24  Zergling x16  
  51  6:56  Drone x6  
  51  6:58  Queen  
  59  7:07  Spire  
  58  7:13  Hatchery  
  58  7:14  Infestation Pit  
  58  7:15  Spore Crawler  
  55  7:21  Drone  
  56  7:22  Hatchery  
  56  7:24  Spine Crawler  
  54  7:31  Drone x5  
  59  7:41  Drone  
  60  7:46  Spine Crawler  
  60  7:48  Spore Crawler  
  58  7:56  Queen  
  58  7:57  Overlord  
  60  7:59  Overlord  
  60  8:09  Hive  
  60  8:12  Baneling x3  
  60  8:23  Zerg Flyer Weapons Level 1  
  60  8:26  Mutalisk  
  62  8:33  Queen  
  64  8:37  Drone x2  
  66  8:48  Nydus Network  
  66  8:50  Overseer  
  66  8:52  Drone x2  
  66  8:53  Drone  
  68  9:05  Spore Crawler  
  67  9:10  Baneling  
  67  9:11  Baneling x7, Zergling x2  
  67  9:12  Zergling x4  
  67  9:16  Drone  
  71  9:17  Drone  
  72  9:32  Zergling x2  
  72  9:33  Zergling x10  
  72  9:36  Zergling x2  
  72  9:37  Zergling x2  
  72  9:38  Zergling x2  
  79  10:05  Nydus Canal  
  79  10:06  Zergling x2  
  82  10:07  Zergling x14  
  87  10:15  Overlord x2  
  87  10:16  Overlord x2  
  87  10:18  Zerg Flyer Armor Level 1  
  87  10:19  Zergling x2  
  84  10:35  Zergling x2  
  83  10:36  Zergling x14  
  83  10:37  Zergling x2  
  74  10:48  Zergling x10  
  74  10:49  Zergling x2  
  76  10:53  Drone  
  76  10:54  Drone  
  73  11:00  Baneling  
  73  11:01  Baneling x6  
  73  11:03  Drone  
  74  11:08  Drone x2  
  73  11:12  Drone x2  
  75  11:19  Drone x4  
  78  11:32  Queen  
  80  11:43  Drone x9  
  89  11:52  Drone x6  
  89  12:15  Zergling x10  
  84  12:16  Zergling x16  
  84  12:18  Zergling x4  
  94  12:23  Zergling x10  
  94  12:29  Zergling x2  
  92  12:30  Zergling x6  
  92  12:32  Zergling x2  
  89  12:43  Drone x4  
  89  12:51  Drone x2  
  91  12:52  Spire  
  90  13:06  Nydus Canal  
  90  13:09  Zergling x2  
  90  13:10  Zergling x22  
  102  13:16  Drone  
  102  13:17  Drone  
  104  13:24  Ultralisk Cavern  
  102  13:35  Zergling x2  
  102  13:36  Zergling x16  
  106  13:51  Zergling x8  
  94  14:13  Chitinous Plating  
  94  14:15  Ultralisk x4  
  118  14:20  Baneling  
  118  14:21  Baneling x6  
  117  14:25  Extractor  
  117  14:26  Extractor  
  117  14:30  Baneling  
  117  14:31  Baneling x7  
  111  14:33  Drone x9  
  120  14:40  Extractor  
  120  14:41  Zergling x2  
  120  14:42  Extractor, Zergling x2  
  108  15:02  Zergling x18  
  108  15:03  Zergling x6  
  108  15:06  Zergling x2  
  114  15:07  Zergling x8  
  114  15:13  Zergling x2  
  119  15:19  Zergling x2  
  114  15:49  Lair  
  112  16:02  Hatchery  
  79  16:37  Hatchery  
  79  16:38  Mutalisk x6  
  90  16:42  Mutalisk x6  
  102  16:49  Zerg Flyer Weapons Level 2  
  102  16:52  Hive  
  102  16:54  Mutalisk x2, Drone x2  
  102  16:58  Zergling x2  
  102  16:59  Zergling x4  
  108  17:09  Mutalisk x2  
  112  17:25  Drone  
  112  17:26  Mutalisk  
  112  17:27  Mutalisk x2  
  119  17:32  Lair  
  119  17:46  Zergling x2  
  119  17:47  Overlord x5  
  119  17:48  Overlord x2  
  119  17:50  Extractor  
  119  17:52  Extractor  
  112  18:54  Centrifical Hooks  
  97  19:37  Mutalisk  
  97  19:38  Mutalisk x13  
  97  19:39  Mutalisk x8  
  97  19:44  Zergling x14  
  97  19:45  Zergling x16  
  154  19:53  Greater Spire  
  154  19:56  Zergling x2  
  154  19:57  Zergling x6  
  158  20:00  Zergling x2  
  158  20:02  Zergling x4  
  161  20:09  Zergling x6  
  161  20:13  Baneling x12  
  161  20:14  Baneling x5  
  164  20:27  Zergling x2  
  164  20:28  Zergling x16  
  173  20:33  Adrenal Glands  
  173  20:35  Zergling x12  
  174  20:36  Zergling x2  
  168  21:02  Mutalisk  
  168  21:03  Mutalisk x5  
  160  21:24  Baneling  
  160  21:25  Baneling x12  
  160  21:26  Baneling, Zergling x2  
  160  21:27  Zergling x22  
  172  21:43  Corruptor x3  
  178  21:51  Hatchery  
  177  21:59  Zerg Flyer Weapons Level 3  
  177  22:02  Hatchery  
  176  22:12  Hive  
  176  22:14  Hatchery  
  176  22:15  Corruptor  
  177  22:18  Drone x5  
  182  22:27  Overlord  
  182  22:28  Overlord x8  
  181  22:40  Overseer  
  181  22:45  Overseer  
  181  22:46  Overseer x2  
  181  22:48  Corruptor  
  181  22:49  Corruptor x3  
  181  22:50  Corruptor  
  187  23:10  Corruptor x4  
  195  23:16  Brood Lord  
  195  23:28  Brood Lord  
  195  23:31  Brood Lord  
  196  24:09  Brood Lord  
  198  24:26  Zergling x2  
  198  24:27  Zergling x8  
  198  24:28  Zergling x2  
  154  25:22  Baneling x3  
  154  25:23  Baneling x4  
  126  26:14  Spire  
  112  26:27  Spine Crawler  
  112  26:28  Spine Crawler  
  110  27:08  Ultralisk x11  
  176  27:18  Zergling x2  
  176  27:19  Zergling x16  
  185  27:36  Mutalisk  
Show
View Real Time Build Order
Export as new Build Order

CDiddy Terran 

Build Orders:  

Get SALT Encoding   

  12  0:01  SCV  
  13  0:13  SCV  
  14  0:24  Supply Depot  
  14  0:25  SCV  
  15  0:37  Refinery  
  15  0:45  SCV  
  15  0:46  Barracks  
  16  0:57  SCV  
  17  1:09  SCV  
  18  1:20  Refinery  
  18  1:21  SCV  
  19  1:34  Supply Depot  
  19  1:36  Orbital Command  
  20  1:44  Barracks Reactor  
  19  1:55  Factory  
  19  2:03  SCV  
  20  2:09  Supply Depot  
  20  2:15  SCV  
  20  2:20  Marine x2  
  23  2:28  SCV  
  24  2:37  Marine  
  24  2:38  Marine  
  24  2:39  Factory Reactor  
  24  2:40  SCV, Supply Depot  
  27  2:50  Starport  
  27  2:55  Marine  
  27  2:56  Marine  
  27  2:57  SCV  
  30  3:09  SCV  
  30  3:12  Barracks  
  31  3:16  Widow Mine  
  31  3:19  Widow Mine  
  33  3:21  SCV  
  36  3:37  Medivac  
  38  3:46  Engineering Bay  
  38  3:52  Supply Depot  
  38  4:00  Barracks Tech Lab  
  37  4:15  Supply Depot  
  37  4:25  Factory Tech Lab  
  37  4:31  Command Center  
  37  4:39  Concussive Shells  
  37  4:41  Marauder  
  37  4:44  Siege Tank  
  42  4:53  Marine x2  
  44  5:02  Marauder  
  46  5:11  Marine x2  
  46  5:28  Marauder, Marine x2  
  50  5:40  Siege Tank  
  53  5:46  Marine  
  53  5:48  Orbital Command  
  53  5:49  Marauder  
  56  5:51  SCV  
  56  5:56  Medivac  
  56  5:57  Medivac  
  61  6:03  SCV  
  61  6:15  SCV  
  62  6:26  Medivac  
  62  6:52  Marine x2  
  64  6:54  SCV x2  
  64  6:59  Refinery  
  64  7:01  Stimpack  
  66  7:03  Supply Depot  
  66  7:06  SCV x2, Barracks  
  66  7:07  Siege Tank  
  71  7:10  Marine x2  
  71  7:11  Marauder  
  75  7:18  SCV x2  
  77  7:23  Terran Infantry Weapons Level 1  
  77  7:24  Medivac  
  77  7:25  Supply Depot  
  77  7:28  Marine  
  80  7:30  SCV  
  80  7:31  SCV  
  80  7:33  Marauder  
  80  7:36  Refinery  
  84  7:43  SCV x2  
  86  7:52  Engineering Bay  
  86  7:55  SCV x2  
  86  7:58  Armory  
  88  8:01  Barracks Reactor  
  88  8:07  SCV x2, Missile Turret x2  
  90  8:14  Missile Turret  
  90  8:16  Medivac x2  
  94  8:28  Missile Turret  
  94  8:30  Missile Turret  
  94  8:35  Missile Turret  
  94  8:39  Barracks  
  94  8:45  Terran Infantry Armor Level 1  
  94  8:48  Missile Turret  
  94  8:54  Missile Turret  
  94  8:56  Missile Turret  
  94  9:00  Missile Turret  
  94  9:13  Supply Depot  
  94  9:26  Supply Depot  
  94  9:29  Barracks Reactor  
  94  9:31  Terran Vehicle Weapons Level 1  
  94  9:34  Medivac x2, Marine x2  
  94  9:35  SCV x2  
  94  9:36  Supply Depot  
  102  9:44  Missile Turret  
  102  9:45  Missile Turret  
  102  9:47  Siege Tank, Marine x2  
  102  9:49  Supply Depot  
  102  9:52  Marine x2  
  109  10:05  Marine x2  
  111  10:11  Command Center  
  111  10:18  Supply Depot  
  99  10:43  Orbital Command  
  95  11:10  Marine x6  
  101  11:24  Orbital Command  
  101  11:27  Marine  
  101  11:28  Marine  
  101  11:32  Marine x4  
  105  11:34  Marauder  
  109  11:40  Refinery  
  109  11:45  Marine x2  
  111  11:55  Marauder  
  104  12:17  Marauder  
  97  12:39  Marine x5  
  97  12:40  Marine  
  97  12:42  Medivac x2  
  95  12:48  Supply Depot  
  95  12:57  Marine x5  
  100  13:09  SCV  
  100  13:10  SCV  
  100  13:11  Supply Depot  
  100  13:12  Medivac x2  
  106  13:16  Marine x5  
  106  13:17  Marine  
  106  13:18  Siege Tank  
  115  13:20  Marauder  
  115  13:22  SCV x2  
  119  13:34  SCV, Marine  
  119  13:42  Marauder  
  117  13:50  Siege Tank  
  105  14:03  Marauder  
  105  14:09  Marine x6  
  107  14:16  SCV x2  
  111  14:22  Siege Tank  
  113  14:24  Marauder  
  113  14:27  Marine x2  
  113  14:28  SCV x2  
  113  14:29  Marine x4  
  123  14:40  SCV  
  123  14:41  SCV  
  123  14:44  Marine x2  
  127  14:46  Marauder  
  129  14:52  SCV  
  107  15:42  Marine x2  
  107  15:43  Marine x4  
  107  15:44  Siege Tank  
  107  15:49  Supply Depot  
  116  15:55  Supply Depot  
  116  16:00  Marine x2  
  116  16:07  Supply Depot, Medivac  
  116  16:08  Medivac  
  117  16:16  Siege Tank  
  117  16:19  Marine x6  
  122  16:29  Supply Depot  
  122  16:37  SCV x2, Medivac  
  122  16:38  Medivac  
  128  16:49  SCV, Siege Tank  
  128  16:50  SCV  
  133  17:01  SCV  
  133  17:02  SCV  
  133  17:05  Orbital Command  
  135  17:14  SCV x2  
  137  17:21  Siege Tank  
  140  17:23  Supply Depot  
  140  17:26  SCV x2  
  140  17:27  Barracks  
  142  17:31  Factory  
  142  17:35  Command Center  
  142  17:38  SCV x2  
  142  17:39  Supply Depot  
  144  17:46  Supply Depot  
  144  17:47  SCV  
  144  17:49  Viking  
  144  17:50  SCV x2, Viking  
  151  17:53  Siege Tank  
  151  17:56  Supply Depot  
  154  18:00  SCV  
  154  18:02  SCV x2  
  153  18:19  Supply Depot, Viking  
  155  18:20  Viking  
  151  18:25  Siege Tank  
  154  18:31  Marine x3  
  154  18:32  Marine x3  
  160  18:39  Terran Infantry Weapons Level 2, Terran Infantry Armor Level 2  
  160  18:41  Terran Vehicle Weapons Level 2  
  160  18:49  Marine x5, Planetary Fortress  
  160  18:50  Marine  
  160  18:53  Missile Turret  
  166  18:59  Missile Turret  
  166  19:06  Refinery  
  158  19:15  Missile Turret  
  153  19:19  Missile Turret  
  150  19:37  SCV  
  150  19:38  SCV x2  
  147  19:43  Missile Turret  
  147  19:46  Missile Turret  
  147  19:49  SCV  
  147  19:50  SCV x2  
  150  20:02  SCV x3  
  150  20:04  Marine x4, Missile Turret  
  150  20:06  Missile Turret  
  157  20:12  Factory Tech Lab  
  157  20:14  SCV x3  
  159  20:16  Refinery  
  159  20:19  Supply Depot  
  160  20:25  Refinery  
  160  20:26  SCV  
  161  20:31  Supply Depot  
  150  20:53  Supply Depot  
  125  21:21  SCV x3  
  128  21:26  Missile Turret  
  128  21:33  SCV x2  
  128  21:34  Missile Turret x2  
  128  21:35  Marine x3  
  128  21:36  Marine x3  
  128  21:37  Marauder  
  138  21:45  Missile Turret  
  138  21:53  Marine x2  
  140  21:56  Barracks Reactor  
  140  21:59  Marauder  
  140  22:00  Marine  
  140  22:01  Marine x3  
  145  22:06  Supply Depot  
  146  22:20  Marauder  
  146  22:22  Viking x2  
  144  22:42  Marauder  
  146  22:59  Supply Depot  
  146  23:03  Marauder  
  148  23:08  Marine x7  
  148  23:09  Marine  
  156  23:24  Marauder  
  156  23:25  Marine  
  156  23:26  Marine x5  
  155  23:57  Siege Tank  
  155  23:58  Siege Tank  
  161  24:03  Supply Depot  
  147  24:26  Viking  
  147  24:27  Viking  
  147  24:29  Siege Tank  
  147  24:30  Siege Tank  
  147  24:44  Marine x3  
  147  24:45  Marine x2  
  128  24:46  Marine  
  120  24:56  Viking  
  120  24:57  Viking  
  121  25:06  Marine  
  121  25:07  Marine x3  
  108  25:13  Marine  
  111  25:26  Viking  
  113  25:29  Marine  
  113  25:30  Marine  
  77  26:17  Marine x2  
  77  26:18  Marine x3  
  61  26:36  Orbital Command  
  56  26:52  Marine x4  
  60  27:08  SCV  
  61  27:12  Marine x3  
  61  27:13  Marine  
  61  27:14  Marine  
  66  27:20  SCV  
  64  27:27  Marine x3  
  65  27:30  Marine x3  
  65  27:31  Viking, Marine  
  65  27:32  Marine  
  63  27:45  Marine  
Tags
 
Add a new tag
Caveats
  • Supply blocks, unpowered buildings, or Contaminate may cause inaccurate times.
  • Supply counts are checked every 10 seconds.